 Dungeon Crawl Stone Soup version 0.25-a0-589-g1e14c549ee (webtiles) character file.

Game seed: 15854216621465954281, levelgen mode: deterministic

506 Esekla the Ducker (level 6, -3/29 HPs)
             Began as a Spriggan Artificer on Mar 10, 2020.
             Killed by divine providence
             ... invoked by an orc priest
              (16 damage)
             ... on level 4 of the Dungeon.
             The game lasted 00:25:11 (4853 turns).

Esekla the Ducker (Spriggan Artificer)              Turns: 4853, Time: 00:25:11

Health: -3/29      AC:  3    Str:  8    XL:     6   Next: 97%
Magic:  10/10      EV: 22    Int: 15    God:
Gold:   182        SH:  0    Dex: 16    Spells: 5/5 levels left

rFire    . . .     SeeInvis +   a - +0 short sword
rCold    . . .     Gourm    .   (shield restricted)
rNeg     . . .     Faith    .   b - +0 robe
rPois    .         Spirit   .   (helmet restricted)
rElec    .         Reflect  .   r - +0 cloak (curse)
rCorr    .         Harm     .   (gloves unavailable)
MR       +....                  (boots unavailable)
Stlth    ++........             z - amulet of rage
HPRegen  0.09/turn              (no ring)
MPRegen  0.12/turn              (no ring)

@: very quick
A: very small, unfitting armour, see invisible, herbivore, speed 3, slow
metabolism 2
a: Evoke Berserk Rage


You were on level 4 of the Dungeon.
You were not hungry.

You visited 1 branch of the dungeon, and saw 4 of its levels.

You collected 182 gold pieces.

Inventory:

Hand Weapons
 a - a +0 short sword (weapon)
Missiles
 A - 6 boomerangs (quivered)
Armour
 b - a +0 robe (worn)
 m - a +0 leather armour
 r - a cursed +0 cloak (worn)
 u - a +0 leather armour
 w - a +0 leather armour
Jewellery
 s - an uncursed ring of fire
 z - an amulet of rage (around neck)
Wands
 c - a wand of flame (15)
 d - a wand of enslavement (15)
 e - a wand of random effects (15)
Scrolls
 g - a scroll of noise {unknown}
 h - 2 scrolls of teleportation {unknown}
 i - 2 scrolls of amnesia
 j - a scroll of magic mapping {unknown}
 k - 3 scrolls of identify
 l - 2 scrolls of enchant armour {unknown}
 n - 3 scrolls of remove curse {unknown}
 p - 2 scrolls of blinking {unknown}
 q - 3 scrolls of fear {unknown}
 v - a scroll of enchant weapon {unknown}
 B - a scroll of fog {unknown}
Potions
 o - a potion of degeneration
 t - a potion of stabbing
 x - a potion of haste
Comestibles
 f - 8 rations


   Skills:
 - Level 0.7 Fighting
 * Level 5.6 Short Blades
 + Level 2.3 Throwing
 * Level 6.6 Dodging
 + Level 2.9 Stealth
 - Level 4.0 Evocations


You had 5 spell levels left.
You didn't know any spells.
Your spell library was empty.

Dungeon Overview and Level Annotations

Branches:
Dungeon (4/15)
 Temple: D:4-7

Altars:


Innate Abilities, Weirdness & Mutations

You are very small and have problems with some larger weapons.
You are too small for most types of armour.
You have supernaturally acute eyesight. (SInv)
You are a herbivore.
You cover ground extremely quickly.
You need to consume almost no food.


Message History

You hit the orc priest but do no damage.
The orc priest is severely wounded.
The orc wizard hits you but does no damage.
You hit the orc priest but do no damage.
The orc priest is severely wounded.
The orc priest completely misses you.
The orc wizard hits you with a +0 dagger.
You closely miss the orc priest.
The orc priest is severely wounded.
The orc priest completely misses you. The orc wizard completely misses you.
You hit the orc priest but do no damage.
The orc priest is severely wounded.
The orc priest misses you.
The orc wizard hits you with a +0 dagger.
You hit the orc priest.
The orc priest is severely wounded.
The orc priest calls down the wrath of Beogh upon you.
Beogh smites you!
Ouch! That really hurt!
You die...

#....#..##### #..#
#....#......# ....
#....#......# ...
#....#####..# ..
#....#..##..##
#....#.......#
#....#.......#
#....#..oo..(# .
#...@#..o....# .
#...oo.†.(...# .(
#....#..##...# .#
#....#..##.oo######(#
#....#..#.....o.....'
#....#..#....o..(...#
#....#####'###o##.###
##########..##.##(#
#..........#.....#


You could see an orc priest and an orc wizard (invisible).

Vanquished Creatures
  A sky beast (D:3)
  A scorpion (D:4)
  A centaur zombie (D:2)
  An orc wizard (D:4)
  Jessica (D:2)
  A worker ant (D:3)
  Terence (D:2)
  2 hound skeletons (D:4)
  12 adders
  3 worms
  4 dart slugs
  3 leopard geckos
  12 orcs
  2 giant cockroaches
  4 goblins
  3 hobgoblins
  4 jackals (D:3)
  7 kobolds
  7 bats
  9 frilled lizards
  7 rats
86 creatures vanquished.

Notes
Turn   | Place    | Note
-------+----------+-------------------------------------------
     0 | D:1      | Esekla the Spriggan Artificer began the quest for the Orb.
     0 | D:1      | Reached XP level 1. HP: 9/9 MP: 4/4
   259 | D:1      | Reached XP level 2. HP: 13/14 MP: 6/6
   338 | D:2      | Reached skill level 4 in Dodging
   850 | D:1      | Reached XP level 3. HP: 10/17 MP: 7/7
  2072 | D:2      | Reached skill level 5 in Dodging
  2072 | D:2      | Reached XP level 4. HP: 15/21 MP: 8/8
  2217 | D:2      | Noticed Jessica
  2234 | D:2      | Killed Jessica
  2487 | D:2      | Noticed Terence
  2514 | D:2      | Killed Terence
  2514 | D:2      | Reached XP level 5. HP: 25/25 MP: 9/9
  2697 | D:3      | Noticed a sky beast
  2756 | D:3      | Killed a sky beast
  2756 | D:3      | Reached skill level 1 in Throwing
  2756 | D:3      | Reached skill level 6 in Dodging
  3003 | D:3      | Reached XP level 6. HP: 15/29 MP: 10/10
  3850 | D:3      | Reached skill level 5 in Short Blades
  4853 | D:4      | Killed from afar by an orc priest

Levels and vault maps discovered:
D:1:      minmay_arrival_nine_rooms, layout_basic, chequers_serial_rivers_marsh
D:2:      layout_rooms, uniq_jessica, uniq_terence
D:3:      minmay_chambers_of_twos, layout_basic, first_ration
D:4:      layout_gridville

Skill      XL: |  1  2  3  4  5  6 |
---------------+-------------------+-----
Dodging        | 4 5 6 |  6.6
Short Blades   | 2 3 4 5 |  5.6
Throwing       | 1 2 |  2.3
Stealth        | 2 |  2.9
Fighting       | |  0.7
Evocations     | |  4.0

Action                   |  1- 3 |  4- 6 || total
-------------------------+-------+-------++-------
Melee: Short sword       |   161 |   198 ||   359
Throw: Dart              |       |   110 ||   110
       Boomerang         |       |     6 ||     6
  Use: Scroll            |       |     3 ||     3
 Stab: Sleeping          |       |     2 ||     2
       Distracted        |       |     1 ||     1
  Eat: Ration            |       |     1 ||     1
Armor: Robe              |    10 |    19 ||    29
Dodge: Dodged            |   166 |   134 ||   300

Table legend:
 A = Non-vault XP
 B = Vault XP
 C = Vault XP percentage of total XP
 D = Non-vault monster count
 E = Vault monster count
 F = Vault count percentage of total count
                 A         B        C        D         E       F
            +---------+---------+-------+---------+---------+-------
      Total |     576 |     148 |  20.4 |      76 |      10 |  11.6
            +---------+---------+-------+---------+---------+-------
        D:1 |      53 |       0 |   0.0 |      24 |       0 |   0.0
        D:2 |      95 |      69 |  42.1 |      14 |       2 |  12.5
        D:3 |     248 |      79 |  24.2 |      28 |       8 |  22.2
        D:4 |     180 |       0 |   0.0 |      10 |       0 |   0.0
            +---------+---------+-------+---------+---------+-------
